 Dungeon Crawl Stone Soup version 0.31-a0-1009-g454b1f1e0a (webtiles) character file.

Game seed: 10580057153364151101

13982 BinkBink the Basher (level 12, -2/77 HPs)
             Began as a Gargoyle Fighter on Nov 14, 2023.
             Was a High Priest of Okawaru.
             Slain by a shadow (7 damage)
             ... in a Gauntlet.
             The game lasted 00:18:43 (11672 turns).

BinkBink the Basher (Gargoyle Fighter)             Turns: 11672, Time: 00:18:43

Health: -2/77      AC: 27    Str: 24    XL:     12   Next: 11%
Magic:  13/13      EV:  6    Int: 10    God:    Okawaru [*****.]
Gold:   709        SH: 11    Dex: 12    Spells: 11/11 levels left

rFire   . . .        z - +2 morningstar (freeze)
rCold   + . .        I - +0 kite shield
rNeg    + + .        e - +0 plate armour
rPois   ∞            y - +1 helmet "Xaompox" {Rampage rC+ rN+ Dex-3}
rElec   +            (no cloak)
rCorr   .            a - +0 pair of gloves
SInv    .            (no boots)
Will    .....        (no amulet) Stlth
                     H - +6 ring of dexterity
HPRegen 0.32/turn    (no ring)
MPRegen 0.13/turn

%: no teleportation, rampage
@: mighty
A: sickness immunity, AC +8, negative energy resistance 1, electricity
resistance, torment resistance 1, petrification resistance
a: Renounce Religion, Heroism, Finesse, Duel


You were in a Gauntlet.
You worshipped Okawaru.
Okawaru was extremely pleased with you.
You visited 2 branches of the dungeon, and saw 12 of its levels.
You also visited: Gauntlet.

You collected 709 gold pieces.

Inventory:

Hand Weapons
 z - a +2 morningstar of freezing (weapon)
Missiles
 c - 7 silver javelins
 t - a throwing net
Armour
 a - a +0 pair of gloves (worn)
 e - a +0 plate armour (worn)
 y - the +1 helmet "Xaompox" (worn) {Rampage rC+ rN+ Dex-3}
   (You found it in a Gauntlet)

   Dex-3:     It affects your dexterity (-3).
   rC+:       It protects you from cold.
   rN+:       It protects you from negative energy.
   Rampage:   It bestows one free step when moving towards enemies.
 I - a +0 kite shield (worn)
Jewellery
 H - a +6 ring of dexterity (left hand)
Wands
 n - a wand of flame (79)
 A - a wand of mindburst (10)
 B - a wand of polymorph (4)
 K - a wand of paralysis (8)
Scrolls
 b - 10 scrolls of teleportation
 f - 13 scrolls of identify
 g - 4 scrolls of enchant weapon
 h - 2 scrolls of enchant armour {unknown}
 i - 3 scrolls of fear {unknown}
 k - 4 scrolls of revelation {unknown}
 m - 2 scrolls of noise {unknown}
 o - a scroll of acquirement {unknown}
 q - 2 scrolls of poison {unknown}
 w - a scroll of silence {unknown}
 x - 2 scrolls of blinking {unknown}
 G - 2 scrolls of amnesia {unknown}
Potions
 j - 2 potions of resistance {unknown}
 l - a potion of invisibility {unknown}
 p - 4 potions of ambrosia {unknown}
 r - 2 potions of magic {unknown}
 u - 7 potions of curing {unknown}
 v - a potion of cancellation {unknown}
 C - a potion of degeneration {unknown}
 D - a potion of mutation {unknown}
 E - a potion of attraction {unknown}
 F - 2 potions of heal wounds {unknown}
 J - a potion of brilliance {unknown}


   Skills:
 + Level 10.0 Fighting
 * Level 12.3 Maces & Flails
 + Level 10.0 Armour
 + Level 10.0 Shields
 + Level 2.3 Invocations


You had 11 spell levels left.
You didn't know any spells.
Your spell library contained the following spells:

 Spells                   Type           Power      Damage    Failure   Level
 Apportation              Tloc           0%         N/A       100%        1
 Necrotise                Necr           0%         1d4       100%        1
 Sandblast                Erth           0%         2d4       100%        1
 Slow                     Hex            0%         N/A       100%        1
 Blink                    Tloc           0%         N/A       100%        2
 Passwall                 Tmut/Erth      0%         N/A       100%        2
 Static Discharge         Conj/Air       0%         3-3/arc   100%        2
 Wereblood                Tmut           0%         N/A       100%        2
 Confusing Touch          Hex            0%         N/A       100%        3
 Frozen Ramparts          Ice            0%         1d1       100%        3
 Sigil of Binding         Hex            0%         N/A       100%        3
 Stone Arrow              Conj/Erth      0%         3d7       100%        3
 Vampiric Draining        Necr           0%         2d6       100%        3
 Airstrike                Air            0%         2d(0-16)  100%        4
 Brom's Barrelling Bould  Conj/Erth      0%         2d3       100%        4
 Manifold Assault         Tloc           0%         N/A       100%        4
 Passage of Golubria      Tloc           0%         N/A       100%        4
 Petrify                  Tmut/Erth      0%         N/A       100%        4
 Metabolic Englaciation   Hex/Ice        0%         N/A       100%        5
 Silence                  Hex/Air        0%         N/A       100%        5
 Lehudib's Crystal Spear  Conj/Erth      0%         10d2      100%        8
 Summon Small Mammal      Summ           Unusable   N/A       N/A         1
 Sublimation of Blood     Necr           Unusable   N/A       N/A         2
 Summon Lightning Spire   Summ/Air       Unusable   N/A       N/A         4
 Summon Hydra             Summ           Unusable   N/A       N/A         7

Dungeon Overview and Level Annotations

Branches:
Dungeon (11/15)            Temple (1/1) D:4            Lair (0/5) D:9
    Orc (0/2) D:11        Gauntlet (1/1)

Altars:
Ashenzari
Cheibriados
Dithmenos
Elyvilon
Fedhas
Gozag
Hepliaklqana
Kikubaaqudgha
Makhleb
Nemelex Xobeh
Okawaru
Qazlal
Ru
Sif Muna
Trog
Uskayaw
Vehumet
Wu Jian
Xom
Yredelemnul
Zin
The Shining One

Shops:
D:6 (

Annotations:
Gauntlet 9 transporters, 1 runed translucent door, exclusions: lightning spire and obsidian statue


Innate Abilities, Weirdness & Mutations

You are immune to sickness and miasma.
Your stone body is resilient. (AC +8)
You are immune to poison.
You resist negative energy. (rN+)
You are resistant to electric shocks. (rElec)
You are resistant to unholy torment.
You are immune to petrification.


Message History

You hit the shadow.
The shadow is severely damaged.
The shadow hits you. The shadow hits you!
You closely miss the shadow.
The shadow is severely damaged.
The shadow hits you.
The shadow slips into darkness.
The shadow flickers and vanishes!
Deactivating autopickup; reactivate with Ctrl-A.
You miss something.
The shadow strikes at you from the darkness!
Reactivating autopickup.
You block the shadow's attack.
You hit the shadow.
The shadow is almost destroyed.
The shadow slips into darkness.
The shadow flickers and vanishes!
Deactivating autopickup; reactivate with Ctrl-A.
You block the shadow's attack.
You puncture the shadow!
You destroy the shadow!
Okawaru accepts your kill.
The shadow strikes at you from the darkness!
* * * LOW HITPOINT WARNING * * *
Reactivating autopickup.
Your Shields skill increases to level 10!
You puncture the shadow!
You destroy the shadow!
Okawaru accepts your kill.
Unknown command.
You feel very mighty all of a sudden. The shadow hits you!
* * * LOW HITPOINT WARNING * * *
You closely miss the shadow.
The shadow slips into darkness.
The shadow flickers and vanishes!
Deactivating autopickup; reactivate with Ctrl-A.
You miss something.
The shadow strikes at you from the darkness!
You die...

..........#§#########≈#§....§....
...8.....§.§.................8...
..........8.....8.....8..........
#########...............#########
.![©(...#...#########...#B.=.©?).
#..8..#.#...#?##©##=#...#s#.....#
.#####..#...#[#..#..#...#.##...##
.##.##..#...##.##.###...#..#####.
...©....#.8.#..#@.#.#.8.#....©...
.##.##..#...###{##.##...#..##.##.
.#####..#...##.{#..##...#.##...##
#.....#.#...#.##.##.#...#.#.....#
........#...#########...#s.......
#########.....#.©.#.....#########
.#.©.#........#...#........#.©.#.
.#.8.#...8....#.©.#....8...#.8.#.
.#.©.#.....###########.....#.©.#.


There were no monsters in sight!

Vanquished Creatures
  2 two-headed ogres
  A glowing orange brain (Gauntlet)
  A manticore (D:11)
  2 ugly things (Gauntlet)
  A gargoyle (D:11)
  A kobold demonologist (D:10)
  An unseen horror (D:9)
  2 trolls
  5 shadows
  A basilisk (D:9)
  13 yaks
  2 wraiths
  4 wyverns (D:9)
  Menkaure (D:7)
  A steam dragon (D:8)
  4 water moccasins
  Duvessa (D:7)
  An ice beast (D:7)
  A sky beast (D:6)
  3 black bears
  3 orc warriors
  A centaur (D:9)
  2 wolves (D:9)
  4 ogres
  4 kobold brigands
  4 bullfrogs
  3 scorpions
  2 gnoll sergeants
  Dowan (D:7)
  21 wights
  18 killer bees
  3 howler monkeys (D:10)
  A bullfrog zombie (D:4)
  A hound (D:6)
  A bullfrog skeleton (D:4)
  9 orc priests
  7 sleepcaps
  3 gnoll boudas (D:5)
  8 orc wizards
  2 scorpion zombies (D:4)
  3 hound zombies (D:4)
  A hound skeleton (D:4)
  22 gnolls
  10 adders
  A shadow imp (D:6)
  A white imp (D:7)
  6 ufetubi
  3 adder zombies (D:4)
  2 worms
  A dart slug (D:2)
  18 orcs
  7 ball pythons
  3 endoplasms
  5 giant cockroaches
  4 goblins
  3 hobgoblins
  2 jackals (D:2)
  14 kobolds
  3 quokkas
  2 bats
  3 rats
260 creatures vanquished.

Vanquished Creatures (others)
  2 human simulacra (D:10)
2 creatures vanquished.

Grand Total: 262 creatures vanquished

Notes
Turn   | Place    | Note
-------+----------+-------------------------------------------
     0 | D:1      | BinkBink the Gargoyle Fighter began the quest for the Orb.
     0 | D:1      | Reached XP level 1. HP: 14/14 MP: 1/1
   584 | D:2      | Found a faded altar of an unknown god.
   591 | D:2      | Reached XP level 2. HP: 14/19 MP: 2/2
   729 | D:2      | Reached XP level 3. HP: 21/23 MP: 3/3
  1148 | D:2      | Reached skill level 3 in Maces & Flails
  1148 | D:2      | Reached XP level 4. HP: 29/29 MP: 4/4
  1713 | D:3      | Identified the +2 robe "Rocaop" {Dex+2}
  2046 | D:4      | Reached XP level 5. HP: 26/33 MP: 5/5
  2152 | D:4      | Reached skill level 4 in Maces & Flails
  2152 | D:4      | Reached XP level 6. HP: 3/38 MP: 6/6
  2373 | D:4      | Found a stormy altar of Qazlal.
  2382 | D:4      | Found a staircase to the Ecumenical Temple.
  2391 | Temple   | Entered the Ecumenical Temple
  2407 | Temple   | Became a worshipper of Warmaster Okawaru
  2570 | D:4      | Reached XP level 7. HP: 31/44 MP: 7/7
  2863 | D:4      | Reached skill level 5 in Maces & Flails
  2904 | D:4      | Reached * piety under Okawaru
  2981 | D:4      | Found a white marble altar of Elyvilon.
  2994 | D:4      | Reached skill level 5 in Fighting
  3342 | D:5      | Entered Level 5 of the Dungeon
  3477 | D:5      | Reached skill level 5 in Armour
  3502 | D:5      | Reached skill level 5 in Shields
  3602 | D:5      | Identified the +8 spear of Gofrakl Ysemn {venom, rF+ rC+
                  | rN+ Str+4}
  4049 | D:5      | Reached XP level 8. HP: 49/49 MP: 8/8
  4102 | D:5      | Reached skill level 6 in Maces & Flails
  4372 | D:5      | Found a sacrificial altar of Ru.
  4566 | D:5      | Reached ** piety under Okawaru
  4764 | D:6      | Found Ygocw's Weapon Shop.
  4816 | D:6      | Noticed an angel
  4817 | D:6      | Found a glowing silver altar of Zin.
  4840 | D:6      | Reached skill level 7 in Maces & Flails
  5273 | D:6      | Reached XP level 9. HP: 56/56 MP: 9/9
  6193 | D:7      | Noticed Menkaure
  6208 | D:7      | Killed Menkaure
  6259 | D:7      | Noticed Dowan
  6294 | D:7      | Killed Dowan
  6295 | D:7      | Reached skill level 8 in Maces & Flails
  6540 | D:7      | Reached *** piety under Okawaru
  6577 | D:7      | Noticed Duvessa
  6588 | D:7      | Killed Duvessa
  6992 | D:7      | Found a shimmering blue altar of Sif Muna.
  7573 | D:8      | Reached skill level 9 in Maces & Flails
  7573 | D:8      | Reached XP level 10. HP: 48/63 MP: 10/10
  7647 | D:8      | Reached **** piety under Okawaru
  7942 | D:8      | Noticed a two-headed ogre
  7960 | D:8      | Killed a two-headed ogre
  8010 | D:8      | Reached skill level 10 in Maces & Flails
  8572 | D:9      | Reached ***** piety under Okawaru
  8719 | D:9      | Reached XP level 11. HP: 54/69 MP: 11/11
  8984 | D:9      | Found a staircase to the Lair.
  9012 | D:9      | Reached skill level 11 in Maces & Flails
  9582 | D:9      | Received a gift from Okawaru
  9852 | D:10     | Entered Level 10 of the Dungeon
 10484 | D:10     | Noticed a two-headed ogre
 10492 | D:10     | Killed a two-headed ogre
 10679 | D:10     | Found an opulent altar of Gozag.
 11060 | Gauntlet | Identified the "Ylurch"
 11093 | D:11     | Found a staircase to the Orcish Mines.
 11126 | D:11     | Noticed a manticore
 11147 | D:11     | Received a gift from Okawaru
 11148 | D:11     | Reached skill level 1 in Invocations
 11157 | D:11     | Killed a manticore
 11158 | D:11     | Reached skill level 12 in Maces & Flails
 11165 | D:11     | Found a gate leading to a gauntlet.
 11175 | Gauntlet | Entered a Gauntlet
 11175 | Gauntlet | Noticed a red ugly thing
 11175 | Gauntlet | Noticed a cyan ugly thing
 11175 | Gauntlet | Found a transporter.
 11222 | Gauntlet | Noticed a glowing orange brain
 11225 | Gauntlet | Found a transporter.
 11239 | Gauntlet | Found a transporter.
 11243 | Gauntlet | Found a transporter.
 11256 | Gauntlet | Noticed an entropy weaver
 11259 | Gauntlet | Found a transporter.
 11273 | Gauntlet | Found a transporter.
 11277 | Gauntlet | Found a transporter.
 11280 | Gauntlet | Found a transporter.
 11308 | Gauntlet | Found a transporter.
 11308 | Gauntlet | Noticed a hell hog
 11309 | Gauntlet | Found a runed translucent door.
 11310 | Gauntlet | Found a transporter.
 11312 | Gauntlet | Found a transporter.
 11314 | Gauntlet | Noticed an obsidian statue
 11346 | Gauntlet | Found a transporter.
 11422 | Gauntlet | Killed a cyan ugly thing
 11433 | Gauntlet | Killed a glowing orange brain
 11434 | Gauntlet | Reached XP level 12. HP: 46/77 MP: 11/13
 11444 | Gauntlet | Reached skill level 10 in Fighting
 11444 | Gauntlet | Reached skill level 10 in Armour
 11631 | Gauntlet | Identified the +1 helmet "Xaompox" {Rampage rC+ rN+ Dex-3}
 11669 | Gauntlet | Reached skill level 10 in Shields
 11672 | Gauntlet | Slain by a shadow

Illustrated notes

Levels and vault maps discovered:
D:1:      roadster_arrival_rocket_small, layout_basic
D:2:      layout_basic, hellmonk_ecumenical_altar_run_dry, moated_statue,
          minmay_door_square, kennysheep_generic_room_10
D:3:      layout_basic
D:4:      layout_basic, mainiacjoe_overflow_six_doors_small,
          kennysheep_mini_moat, temple_statues, serial_undead, serial_undead_e,
          serial_undead_b, serial_undead_d, serial_undead_c, serial_undead_b,
          serial_undead_e, serial_undead_e
D:5:      layout_basic, nicolae_ru_great_annihilating_truth
D:6:      minmay_skewed_foursquare, layout_layer_cave, zin_angel, serial_shops,
          shop, corexii_item_surrounded_by_moat
D:7:      layout_loops_ring, general_overflow_altar, minivault_22, uniq_duvessa,
          uniq_menkaure
D:8:      layout_basic, lightli_minifort
D:9:      layout_basic, minmay_lair_entry_grove
D:10:     layout_basic, old_standard_altar, bh_circular_ruins
D:11:     layout_small_grid, orc_0_dummy, gauntlet_entry_generic
Temple:   nicolae_temple_bog_church
Gauntlet: minmay_gauntlet_mixed_oops_all_seconds [minmay_gauntlet_arena_77_path,
          gammafunk_gauntlet_arena_arrow_garden,
          minmay_gauntlet_arena_77_hold_the_fort, nicolae_gauntlet_arena_blocks,
          minmay_gauntlet_arena_77_tiled_triplets,
          gammafunk_gauntlet_arena_split_x, gauntlet_exit_hidden_loot]

Skill      XL: |  1  2  3  4  5  6  7  8  9 10 11 12 |
---------------+-------------------------------------+-----
Maces & Flails | 3 4 5 7 9 10 12 | 12.3
Fighting       | 4 5 6 7 8 9 10 | 10.0
Armour         | 4 5 6 7 8 9 10 | 10.0
Shields        | 4 5 6 7 8 9 10 | 10.0
Invocations    | 1 2 |  2.3

Action                     |  1- 3 |  4- 6 |  7- 9 | 10-12 || total
---------------------------+-------+-------+-------+-------++-------
  Melee: Flail             |    81 |   157 |   219 |       ||   457
         Spear             |       |       |    29 |       ||    29
         Morningstar       |       |       |   146 |   513 ||   659
 Invoke: Heroism           |       |       |     1 |     3 ||     4
    Use: Scroll            |       |       |     1 |     1 ||     2
         Potion            |       |       |       |     1 ||     1
   Stab: Paralysed         |       |       |     2 |       ||     2
         Invisible         |       |       |     1 |       ||     1
 Armour: Plate armour      |    76 |   156 |   363 |   394 ||   989
  Dodge: Dodged            |    18 |    44 |   114 |   104 ||   280
  Block: Buckler           |    18 |    35 |    98 |       ||   151
         Kite shield       |       |       |    16 |   274 ||   290

Table legend: (Time is in decaauts)
 A = Elapsed time spent in this place.
 B = Non-inter-level travel time spent in this place.
 C = Inter-level travel time spent in this place.
 D = Time resting spent in this place.
 E = Time spent auto-exploring this place.
 F = Levels seen in this place.
 G = Mean time per level.
                   A        B        C        D        E       F      G
               +--------+--------+--------+--------+--------+-----+--------+
         Total |  11808 |  11415 |    393 |   1848 |   7126 |  13 |  908.3 |
       Dungeon |  11284 |  10922 |    362 |   1687 |   6953 |  11 | 1025.8 |
        Temple |     32 |      1 |     31 |      0 |      0 |   1 |   32.0 |
      Gauntlet |    492 |    492 |      0 |    161 |    173 |   1 |  492.0 |
               +--------+--------+--------+--------+--------+-----+--------+

Top non-repeatable levels by time:
     D:9: 1702 daAuts
     D:6: 1603 daAuts
     D:8: 1464 daAuts
     D:4: 1402 daAuts
     D:5: 1122 daAuts
     D:7: 907 daAuts
     D:3: 891 daAuts
    D:10: 849 daAuts
     D:2: 636 daAuts
     D:1: 590 daAuts
Gauntlet: 492 daAuts
    D:11: 114 daAuts
  Temple: 32 daAuts
